 Dungeon Crawl Stone Soup version 0.30-a0-737-gf23d94013f (webtiles) character file.

Game seed: 2902261882142812545

7783 cowhearter the Martial Artist (level 11, 0/81 HPs)
             Began as a Demonspawn Monk on Feb 2, 2023.
             Was a Priest of Dithmenos.
             Succumbed to Grum's poison
             ... on level 9 of the Dungeon.
             The game lasted 00:23:31 (9251 turns).

cowhearter the Martial Artist (Demonspawn Monk)     Turns: 9251, Time: 00:23:32

Health: 0/81       AC: 11    Str: 11    XL:     11   Next: 1%
Magic:  11/11      EV: 16    Int: 12    God:    Dithmenos [***...]
Gold:   442        SH:  5    Dex: 20    Spells: 10/10 levels left

rFire   . . .      SeeInvis .      - Unarmed
rCold   . . .      Faith    .    (no shield)
rNeg    . . .      Spirit   .    I - +0 steam dragon scales
rPois   .          Reflect  +    (no helmet)
rElec   .          Harm     .    (no cloak)
rCorr   .          Rampage  .    (gloves unavailable)
Will    +....                    (no boots)
Stlth   +++++                    w - amulet of reflection
HPRegen 0.33/turn                v - +4 ring of protection
MPRegen 0.12/turn                q - ring of willpower

@: lethally poisoned (0 -> -30), wreathed by umbra, studying Transmutations
A: slimy green scales 1, ignite blood 2, powered by pain 1, demonic touch 3
a: Renounce Religion, Shadow Step


You were on level 9 of the Dungeon.
You worshipped Dithmenos.
Dithmenos was most pleased with you.
You visited 1 branch of the dungeon, and saw 10 of its levels.

You collected 442 gold pieces.

Inventory:

Hand Weapons
 a - a +0 short sword
 m - a +2 short sword of venom
 n - the +4 short sword of Lyililoe {freeze, *Corrode rPois Int+2}
   (You found it on level 2 of the Dungeon)

   Int:       It affects your intelligence (+2).
   rPois:     It protects you from poison.
   *Corrode:  It may corrode you when you take damage.
 H - a +0 long sword of flaming
Armour
 b - a +0 robe
 I - +0 steam dragon scales (worn)
Jewellery
 f - an amulet of faith
 q - a ring of willpower (right hand)
 v - a +4 ring of protection (left hand)
 w - an amulet of reflection (around neck)
 M - a +6 ring of intelligence
Wands
 t - a wand of flame (34)
 z - a wand of roots (5)
 B - a wand of quicksilver (7)
 E - a wand of digging (8)
 N - a wand of charming (6)
Scrolls
 g - a scroll of noise {unknown}
 h - 2 scrolls of blinking {unknown}
 j - 2 scrolls of enchant armour {unknown}
 k - 3 scrolls of fear {unknown}
 l - 2 scrolls of enchant weapon {unknown}
 o - 4 scrolls of immolation {unknown}
 p - 8 scrolls of identify {unknown}
 u - 4 scrolls of teleportation {unknown}
 x - 2 scrolls of fog {unknown}
 y - a scroll of amnesia {unknown}
 F - a scroll of poison {unknown}
 G - 2 scrolls of vulnerability {unknown}
 K - a scroll of magic mapping {unknown}
Potions
 c - 2 potions of ambrosia
 d - 2 potions of magic {unknown}
 e - a potion of heal wounds {unknown}
 i - 6 potions of curing
 r - 5 potions of lignification {unknown}
 s - 4 potions of haste
 A - 3 potions of mutation {unknown}
 C - 2 potions of brilliance {unknown}
 D - a potion of might
 J - a potion of invisibility {unknown}
 L - a potion of attraction {unknown}


   Skills:
 * Level 5.9 Fighting
 - Level 3.6 Short Blades
 + Level 6.8 Dodging
 + Level 6.2 Stealth
 - Level 1.4 Shields
 * Level 11.9 Unarmed Combat


You had 10 spell levels left.
You didn't know any spells.
Your spell library contained the following spells:

 Spells                   Type           Power      Damage    Failure   Level
 Summon Small Mammal      Summ           0%         N/A       32%         1
 Lesser Beckoning         Tloc           0%         N/A       45%         2
 Call Canine Familiar     Summ           0%         N/A       69%         3
 Gell's Gravitas          Tloc           0%         N/A       69%         3
 Summon Guardian Golem    Hex/Summ       0%         N/A       69%         3
 Teleport Other           Tloc           0%         N/A       69%         3


Dungeon Overview and Level Annotations

Branches:
Dungeon (10/15)            Temple (0/1) D:6            Lair (0/5) D:9
    Orc (0/2) D:9

Altars:
Dithmenos
Makhleb
Qazlal
Ru
Sif Muna
Trog
Vehumet
Xom

Annotations:
D:9 2 runed translucent doors, Esekla's ghost, novice OpDe; Grum


Innate Abilities, Weirdness & Mutations

You are partially covered in slimy green scales. (AC +2)
Your demonic aura often causes spilled blood to erupt in flames.
You sometimes gain a little power by taking damage.
Your touch may irresistibly damage your foes and sap their willpower.


Message History

You kill the wolf!
Dithmenos accepts your kill. The wolf bites you. The wolf closely misses you.
You block the wolf's attack. The wolf bites you but does no damage.
The wyvern attacks as you move away! You block the wyvern's attack.
The wolf completely misses you. The wolf barely misses you.
The wolf attacks as you move away! The wolf bites you! x2
The wolf attacks as you move away! You block the wolf's attack.
The wyvern is engulfed in blazing flames.
The wolf bites you but does no damage.
The wyvern is engulfed in blazing flames.
The wyvern is engulfed in blazing flames.
The wolf misses you. The wolf attacks as you move away!
The wolf barely misses you. The wolf barely misses you. x2
The wolf closely misses you. The wyvern attacks as you move away!
The wyvern bites you! The wolf closely misses you. The wyvern bites you.
There is a stone staircase leading down here.
The wolf completely misses you. The wyvern closely misses you.
The wolf closely misses you.
You climb downwards.
Found a spiked buckler and a ring mail.
There is a stone staircase leading up here.
You can't go down here!
You block the wyvern's attack. You block the wolf's attack.
The wyvern bites you. The wolf bites you but does no damage.
You climb upwards.
Level annotation: 2 runed translucent doors, Esekla's ghost, novice OpDe; Grum Grum shouts, "Bowser!
Good boy!"
The wolf closely misses you.
Grum hits you from afar with a -2 spear of venom!!
* * * LOW HITPOINT WARNING * * *
You are lethally poisoned!
There is a stone staircase leading down, spattered with blood here.
The wolf attacks as you move away! The wolf bites you.
* * * LOW HITPOINT WARNING * * *
The wolf attacks as you move away! The wolf bites you but does no damage.
You die...

#......))######.#####.
#........######..(..#.
#######............######.#.
.........#.#.#.#...# #.#.
.........#.........######.#.
...........#.#.#..........#.
........##............#####.
........#..#.#.#.+#### #.
........#☼l@....... ##
...#....+.>☼........ ..
#....#.hh........
...#....#.g........
...#....#....######
.......)#....########## ##
........#.........†...# ..
........#....##.......# ##
.......†#....##.......#


You could see Grum (strong), a wyvern and 2 wolves.

Vanquished Creatures
  Pikel (D:4)
  A cyclops (D:9)
  Maggie (D:6)
  2 hornets
  16 yaks
  A wyvern (D:7)
  Eustachio (D:4)
  3 vampire mosquitoes (D:9)
  Edmund (D:4)
  3 wargs
  2 acid dragons
  4 black bears
  2 sky beasts
  3 ogres
  A centaur (D:7)
  2 wolves (D:9)
  2 phantoms (D:5)
  2 kobold brigands
  3 bullfrogs
  A scorpion (D:4)
  3 necrophages (D:6)
  3 killer bees
  3 howler monkeys (D:8)
  5 hounds
  An orc priest (D:9)
  2 jellies
  Jessica (D:2)
  6 orc wizards
  2 gnolls (D:3)
  8 adders
  3 white imps
  An ufetubus (D:6)
  3 worms
  2 dart slugs
  21 orcs
  9 bats
  6 endoplasms
  4 giant cockroaches
  7 hobgoblins
  4 jackals (D:5)
  14 kobolds
  7 quokkas
  10 ball pythons
  4 frilled lizards
  5 goblins
  4 rats
190 creatures vanquished.

Vanquished Creatures (others)
  A plant (D:9)
1 creature vanquished.

Grand Total: 191 creatures vanquished

Notes
Turn   | Place    | Note
-------+----------+-------------------------------------------
     0 | D:1      | cowhearter the Demonspawn Monk began the quest for the Orb.
     0 | D:1      | Reached XP level 1. HP: 18/18 MP: 1/1
   403 | D:1      | Gained mutation: Your touch may inflict minor irresistible
                  | damage on your foes. [demonic ancestry]
   403 | D:1      | Reached XP level 2. HP: 23/24 MP: 2/2
   776 | D:2      | Reached XP level 3. HP: 23/29 MP: 3/3
   786 | D:2      | Identified the +4 short sword of Lyililoe {freeze, *Corrode
                  | rPois Int+2}
   867 | D:2      | Noticed Jessica
   872 | D:2      | Killed Jessica
   873 | D:2      | Reached skill level 1 in Unarmed Combat
   945 | D:2      | Reached XP level 4. HP: 31/35 MP: 4/4
  1644 | D:3      | Found a shimmering blue altar of Sif Muna.
  1671 | D:3      | Found a radiant altar of Vehumet.
  1838 | D:3      | Reached skill level 2 in Unarmed Combat
  1859 | D:3      | Found a bloodstained altar of Trog.
  1874 | D:3      | Gained mutation: Your demonic aura sometimes causes spilled
                  | blood to erupt in flames. [demonic ancestry]
  1874 | D:3      | Reached XP level 5. HP: 39/41 MP: 5/5
  1901 | D:3      | Found a faded altar of an unknown god.
  2278 | D:4      | Noticed an ogre
  2285 | D:4      | Killed an ogre
  2286 | D:4      | Gained mutation: Your touch may inflict irresistible damage
                  | on your foes. [demonic ancestry]
  2286 | D:4      | Reached XP level 6. HP: 30/48 MP: 6/6
  2599 | D:4      | Noticed Eustachio
  2633 | D:4      | Killed Eustachio
  2634 | D:4      | Reached skill level 3 in Unarmed Combat
  2718 | D:4      | Noticed Pikel
  2823 | D:4      | Killed Pikel
  2824 | D:4      | Reached skill level 1 in Shields
  2824 | D:4      | Reached skill level 4 in Unarmed Combat
  2824 | D:4      | Reached XP level 7. HP: 34/54 MP: 7/7
  2939 | D:4      | Noticed Edmund
  2947 | D:4      | Killed Edmund
  2948 | D:4      | Gained mutation: Your touch may irresistibly damage your
                  | foes and sap their willpower. [demonic ancestry]
  2948 | D:4      | Reached XP level 8. HP: 42/60 MP: 8/8
  3104 | D:4      | Reached skill level 5 in Stealth
  3104 | D:4      | Reached skill level 5 in Unarmed Combat
  3761 | D:5      | Entered Level 5 of the Dungeon
  3958 | D:5      | Found a shimmering altar of Xom.
  4023 | D:5      | Reached skill level 6 in Unarmed Combat
  4059 | D:5      | Reached skill level 5 in Dodging
  4543 | D:5      | Found a shadowy altar of Dithmenos.
  4551 | D:5      | Became a worshipper of Dithmenos the Shadowed
  4551 | D:5      | Reached * piety under Dithmenos
  4551 | D:5      | Reached ** piety under Dithmenos
  5032 | D:6      | Reached skill level 7 in Unarmed Combat
  5163 | D:6      | Found a staircase to the Ecumenical Temple.
  5236 | D:6      | Gained mutation: You are partially covered in slimy green
                  | scales. (AC +2) [demonic ancestry]
  5236 | D:6      | Reached XP level 9. HP: 63/66 MP: 9/9
  5312 | D:6      | Noticed Maggie
  5325 | D:6      | Killed Maggie
  5719 | D:7      | Reached skill level 8 in Unarmed Combat
  5812 | D:7      | Found a stormy altar of Qazlal.
  6565 | D:8      | Found a sacrificial altar of Ru.
  7227 | D:8      | Reached skill level 5 in Fighting
  7227 | D:8      | Reached skill level 9 in Unarmed Combat
  7362 | D:8      | Paralysed by a hornet for 1 turns
  7807 | D:9      | Found a staircase to the Lair.
  7827 | D:8      | Gained mutation: You sometimes gain a little power by
                  | taking damage. [demonic ancestry]
  7827 | D:8      | Reached XP level 10. HP: 15/74 MP: 10/10
  8178 | D:9      | Reached skill level 10 in Unarmed Combat
  8231 | D:9      | Reached *** piety under Dithmenos
  8260 | D:9      | Reached skill level 11 in Unarmed Combat
  8287 | D:9      | Found a staircase to the Orcish Mines.
  8322 | D:9      | Paralysed by a hornet for 1 turns
  8740 | D:9      | Found a large runed translucent door.
  8741 | D:9      | Found a large runed translucent door.
  8741 | D:9      | Noticed Esekla's ghost (novice OpDe)
  8764 | D:9      | Noticed a cyclops
  8769 | D:9      | Killed a cyclops
  8972 | D:9      | Found a burning altar of Makhleb.
  9223 | D:9      | Noticed Grum
  9235 | D:9      | Gained mutation: Your demonic aura often causes spilled
                  | blood to erupt in flames. [demonic ancestry]
  9235 | D:9      | Reached XP level 11. HP: 64/81 MP: 11/11
  9248 | D:10     | Entered Level 10 of the Dungeon
  9251 | D:9      | Succumbed to Grum's poison

Illustrated notes

Levels and vault maps discovered:
D:1:      dpeg_arrival_rooms_with_view, layout_loops_cross,
          chequers_serial_rivers_micro_a
D:2:      layout_basic, serial_curves, eino_curves_03, eino_curves_04,
          uniq_jessica
D:3:      layout_rooms, mainiacjoe_overflow_small_starburst,
          vehumet_altar_wand_db, trog_antimagical,
          nicolae_ecumenical_snake_handling, minmay_misc_feat_doors
D:4:      minmay_general_purpose_star, layout_basic, uniq_eustachio, uniq_pikel,
          uniq_edmund
D:5:      layout_basic, overflow_temple_1_default, mainiacjoe_overflow_chevrons
D:6:      layout_gridville, minmay_temple_entry_junction_2, uniq_maggie
D:7:      layout_loops_ring, overflow_temple_1_default
D:8:      layout_loops_corners, nicolae_ru_path_of_blood
D:9:      layout_stronghold, mainiacjoe_overflow_alcove_2,
          kiku_gazebo_garden_becter, erik_lair_orcish_takeover, orc_0_dummy,
          serial_co_window_serial, co_window_corner_a, co_window_paths_b,
          co_window_paths_b, co_window_cross_1, co_window_corner_a,
          co_window_corner_b, co_window_broadway_a, co_window_corner_ca,
          co_window_unsneaky_path_b, co_window_of_opportunity_c,
          glass_columns_b, glass_columns_b, glass_columns_a, glass_columns_b,
          glass_columns_b, ebering_ghost_disaster_area, uniq_grum
D:10:     layout_rooms, hangedman_fish_farm, uniq_sonja

Skill      XL: |  1  2  3  4  5  6  7  8  9 10 |
---------------+-------------------------------+-----
Short Blades   | 3 |  3.6
Dodging        | 3 4 5 6 |  6.8
Stealth        | 2 3 4 5 6 |  6.2
Unarmed Combat | 1 2 4 7 9 11 | 11.9
Fighting       | 4 5 |  5.9
Shields        | 1 |  1.4

Action                     |  1- 3 |  4- 6 |  7- 9 | 10-12 || total
---------------------------+-------+-------+-------+-------++-------
  Melee: Short sword       |    44 |    72 |       |       ||   116
         Punch             |     1 |     3 |     6 |     7 ||    17
         Unarmed           |    33 |    57 |   267 |   143 ||   500
         Touch             |    12 |    23 |    61 |    40 ||   136
   Stab: Sleeping          |     4 |     5 |    12 |     1 ||    22
         Distracted        |       |     2 |       |       ||     2
 Armour: Robe              |    18 |    18 |    38 |       ||    74
         Steam dragon scal |       |       |    24 |    32 ||    56
  Dodge: Dodged            |    48 |    55 |   201 |   127 ||   431
  Block: Other             |       |    23 |    68 |    36 ||   127
         Reflection        |       |     1 |       |       ||     1

Table legend: (Time is in decaauts)
 A = Elapsed time spent in this place.
 B = Non-inter-level travel time spent in this place.
 C = Inter-level travel time spent in this place.
 D = Time resting spent in this place.
 E = Time spent auto-exploring this place.
 F = Levels seen in this place.
 G = Mean time per level.
                   A        B        C        D        E       F      G
               +--------+--------+--------+--------+--------+-----+--------+
         Total |   9176 |   8964 |    212 |   1915 |   5440 |  10 |  917.6 |
       Dungeon |   9176 |   8964 |    212 |   1915 |   5440 |  10 |  917.6 |
               +--------+--------+--------+--------+--------+-----+--------+

Top non-repeatable levels by time:
     D:8: 1715 daAuts
     D:4: 1557 daAuts
     D:9: 1085 daAuts
     D:6: 958 daAuts
     D:7: 878 daAuts
     D:5: 802 daAuts
     D:1: 759 daAuts
     D:2: 749 daAuts
     D:3: 666 daAuts
    D:10: 1 daAuts
